 Dungeon Crawl Stone Soup version 0.27-a0-1184-ge86db4a01e (webtiles) character file.

Game seed: 12295544649680427101

483 leviel the Chopper (level 6, 0/56 HPs)
             Began as a Minotaur Fighter on May 18, 2021.
             Slain by Duvessa
             ... wielding a +0 short sword
              (2 damage)
             ... on level 4 of the Dungeon.
             The game lasted 00:04:43 (2906 turns).

leviel the Chopper (Minotaur Fighter)               Turns: 2906, Time: 00:04:43

Health: 0/56       AC:  7    Str: 22 (23) XL:     6   Next: 88%
Magic:  5/5        EV:  7    Int:  2 (5)  God:
Gold:   315        SH:  9    Dex:  7 (9)  Spells: 5/5 levels left

rFire    . . .     SeeInvis .   a - +0 war axe
rCold    . . .     Faith    .   c - +0 kite shield
rNeg     . . .     Spirit   .   b - +0 scale mail
rPois    .         Reflect  .   (helmet restricted)
rElec    .         Harm     .   (no cloak)
rCorr    .         Rampage  .   (no gloves)
Will     .....                  (no boots)
Stlth    ..........             (no amulet)
HPRegen  0.18/turn              (no ring)
MPRegen  0.09/turn              (no ring)

@: no status effects
A: horns 2, retaliatory headbutt
a: no special abilities


You were on level 4 of the Dungeon.
You visited 1 branch of the dungeon, and saw 4 of its levels.

You collected 315 gold pieces.

Inventory:

Hand Weapons
 a - a +0 war axe (weapon)
 m - a +0 spear of flaming
Missiles
 l - 7 javelins (quivered)
 n - 6 poisoned darts
Armour
 b - a +0 scale mail (worn)
 c - a +0 kite shield (worn)
Jewellery
 p - a +6 ring of intelligence
Wands
 k - a wand of paralysis (7)
Scrolls
 g - a scroll of fog {unknown}
 h - 2 scrolls of identify {unknown}
 i - a scroll of torment {unknown}
 j - 2 scrolls of amnesia {unknown}
 o - a scroll of teleportation {unknown}
Potions
 d - 2 potions of might
 e - 3 potions of degeneration
 f - a potion of flight {unknown}
 q - a potion of attraction {unknown}


   Skills:
 + Level 5.5 Fighting
 * Level 5.7 Axes
 + Level 5.3 Armour
 + Level 5.2 Shields


You had 5 spell levels left.
You didn't know any spells.
Your spell library contained the following spells:

 Spells                   Type           Power      Damage    Failure   Level
 Shock                    Conj/Air       0%         1d3       99%         1
 Static Discharge         Conj/Air       0%         N/A       100%        2
 Swiftness                Air            0%         N/A       100%        3
 Airstrike                Air            0%         N/A       100%        4
 Lightning Bolt           Conj/Air       0%         1d11      100%        5


Dungeon Overview and Level Annotations

Branches:
Dungeon (4/15)
 Temple: D:4-7

Altars:
Elyvilon

Annotations:
D:4 1 runed translucent door, Crazy Yiuf, Duvessa


Innate Abilities, Weirdness & Mutations

You have a pair of horns on your head.
You reflexively headbutt those who attack you in melee.


Message History

Duvessa misses you. You furiously retaliate!
You headbutt Duvessa, but do no damage. You block Duvessa's attack.
Duvessa rages.
You block Duvessa's attack. You block Duvessa's attack.
Duvessa hits you but does no damage. Duvessa hits you with a +0 short sword.
You are too injured to fight recklessly!
You are too injured to fight recklessly!
Duvessa hits you but does no damage.
You closely miss Duvessa.
Duvessa is moderately wounded.
Duvessa looks more energetic.
Duvessa hits you with a +0 short sword.
You slash Duvessa!
Duvessa is heavily wounded.
Duvessa hits you with a +0 short sword.
You hit Duvessa.
Duvessa is severely wounded.
Duvessa hits you but does no damage. You block Duvessa's attack.
You closely miss Duvessa.
Duvessa is severely wounded.
Duvessa barely misses you.
You hit Duvessa.
Duvessa is severely wounded.
Duvessa hits you but does no damage.
You hit Duvessa but do no damage.
Duvessa is severely wounded.
Duvessa hits you with a +0 short sword!
* * * LOW HITPOINT WARNING * * *
Duvessa hits you but does no damage.
You barely miss Duvessa.
Duvessa is severely wounded.
Duvessa hits you with a +0 short sword!
* * * LOW HITPOINT WARNING * * *
It was a potion of degeneration.
There was something very wrong with that liquid.
You feel weakened.
You feel dopey.
You feel clumsy. Duvessa hits you with a +0 short sword.
You die...

### ###########.#####
#...............#
#.#########.#.#.# #.#
#.#.#.# #.# #.#.#.# #.#
#.#e#.# #.#
#.#@#.####### #.#
######.#.#...†...#
#.####......#.#######.#
#...........#.##....#.#
######......#.##.##.#.#
#...#..#.##.##.#.#
#...#..#.##.##.#.#
#...#.##.##....#<######
#...#....>..............


You could see Duvessa.

Vanquished Creatures
  An ogre (D:4)
  Dowan (D:4)
  A jelly (D:4)
  A hound (D:4)
  An orc priest (D:4)
  Jessica (D:2)
  2 orc wizards (D:4)
  4 adders
  7 gnolls
  3 worms
  An orc (D:4)
  3 endoplasms (D:2)
  3 giant cockroaches
  8 goblins
  5 hobgoblins
  7 jackals
  4 quokkas
  4 ball pythons
  3 bats
  3 frilled lizards
  10 kobolds
  6 rats
79 creatures vanquished.

Notes
Turn   | Place    | Note
-------+----------+-------------------------------------------
     0 | D:1      | leviel the Minotaur Fighter began the quest for the Orb.
     0 | D:1      | Reached XP level 1. HP: 19/19 MP: 0/0
   230 | D:1      | Reached XP level 2. HP: 25/27 MP: 1/1
   291 | D:1      | Found a faded altar of an unknown god.
   793 | D:2      | Noticed Jessica
   797 | D:2      | Killed Jessica
   798 | D:2      | Reached XP level 3. HP: 34/34 MP: 2/2
   921 | D:2      | Reached XP level 4. HP: 41/41 MP: 3/3
  1679 | D:3      | Paralysed by a gnoll for 7 turns
  1689 | D:3      | Reached XP level 5. HP: 11/47 MP: 4/4
  2146 | D:3      | Found a white marble altar of Elyvilon.
  2231 | D:4      | Reached skill level 5 in Fighting
  2487 | D:4      | Reached XP level 6. HP: 48/56 MP: 5/5
  2576 | D:4      | Reached skill level 5 in Axes
  2576 | D:4      | Reached skill level 5 in Armour
  2596 | D:4      | Reached skill level 5 in Shields
  2599 | D:4      | Noticed Dowan
  2601 | D:4      | Noticed Duvessa
  2611 | D:4      | Found a runed translucent door.
  2612 | D:4      | Noticed Crazy Yiuf
  2631 | D:4      | Killed Dowan
  2905 | D:4      | HP: 2/56 [Duvessa/+0 short sword (11)]
  2906 | D:4      | Slain by Duvessa

Illustrated notes

Levels and vault maps discovered:
D:1:      giann_wishing_wells, layout_rooms, hellmonk_ecumenical_altar_zigzags
D:2:      kennysheep_six_static_rooms, layout_basic, serial_curves,
          eino_curves_02, eino_curves_03, eino_curves_02, eino_curves_02,
          minmay_circle_x, uniq_jessica
D:3:      layout_rooms, lemuel_coloured_pillars_altar, minmay_ruptured
D:4:      layout_basic, uniq_crazy_yiuf_cottage, uniq_duvessa

Skill      XL: |  1  2  3  4  5  6 |
---------------+-------------------+-----
Fighting       | 4 5 |  5.5
Armour         | 4 5 |  5.3
Axes           | 3 4 5 |  5.7
Shields        | 4 5 |  5.2

Action                   |  1- 3 |  4- 6 || total
-------------------------+-------+-------++-------
Melee: War axe           |    50 |   132 ||   182
       Headbutt          |    11 |    12 ||    23
  Use: Potion            |       |     2 ||     2
Armor: Scale mail        |    28 |    60 ||    88
Dodge: Dodged            |    16 |    37 ||    53
Block: Kite shield       |    25 |    75 ||   100

Table legend: (Time is in decaauts)
 A = Elapsed time spent in this place.
 B = Non-inter-level travel time spent in this place.
 C = Inter-level travel time spent in this place.
 D = Time resting spent in this place.
 E = Time spent auto-exploring this place.
 F = Levels seen in this place.
 G = Mean time per level.
                   A        B        C        D        E       F      G
               +--------+--------+--------+--------+--------+-----+--------+
         Total |   2999 |   2904 |     95 |    597 |   1791 |   4 |  749.8 |
       Dungeon |   2999 |   2904 |     95 |    597 |   1791 |   4 |  749.8 |
               +--------+--------+--------+--------+--------+-----+--------+

Top non-repeatable levels by time:
     D:2: 837 daAuts
     D:3: 754 daAuts
     D:4: 749 daAuts
     D:1: 658 daAuts
